 Dungeon Crawl Stone Soup version 0.22-a0-825-ga28c36f (webtiles) character file.

812 KyrpaJooseppi the Slasher (level 8, 0/62 HPs)
             Began as a Human Fighter on July 24, 2018.
             Was a Follower of Elyvilon.
             Succumbed to nikopol's ghost's poison
             ... on level 4 of the Dungeon.
             The game lasted 00:10:41 (3292 turns).

KyrpaJooseppi the Slasher (Human Fighter)           Turns: 3292, Time: 00:10:42

Health: 0/62       AC:  9    Str: 21    XL:     8   Next: 15%
Magic:  8/8        EV:  7    Int: 11    God:    Elyvilon [*.....]
Gold:   203        SH: 10    Dex: 13    Spells: 7/7 levels left

rFire    . . .     SeeInvis .   b - +0 long sword
rCold    . . .     Gourm    .   p - +0 shield
rNeg     . . .     Faith    .   o - +0 scale mail
rPois    .         Spirit   .   g - +0 helmet
rElec    .         Reflect  .   (no cloak)
rCorr    .         Harm     .   (no gloves)
MR       .....                  j - +0 pair of boots (curse)
Stlth    ..........             (no amulet)
HPRegen  0.20/turn              (no ring)
MPRegen  0.11/turn              (no ring)

@: mighty, lethally poisoned (0 -> -13), protection
A: no striking features
a: Lesser Healing, Divine Protection, Renounce Religion


You were on level 4 of the Dungeon.
You worshipped Elyvilon.
Elyvilon was aware of your devotion.
You were not hungry.

You visited 1 branch of the dungeon, and saw 4 of its levels.
You also visited: Sewer.

You collected 203 gold pieces.

Inventory:

Hand Weapons
 a - a +1 dagger of venom
 b - a +0 long sword (weapon)
 c - a +0 hand crossbow
Missiles
 r - 17 bolts
Armour
 g - a +0 helmet (worn)
 j - a cursed +0 pair of boots (worn)
 o - a +0 scale mail (worn)
 p - a +0 shield (worn)
Scrolls
 k - a scroll of teleportation
 m - 2 scrolls of blinking {unknown}
 n - a scroll of enchant armour {unknown}
 q - a scroll of fog
Potions
 e - 3 potions of flight
 h - a potion of magic
 i - a potion of mutation
Comestibles
 f - 5 rations


   Skills:
 + Level 5.2 Fighting
 * Level 6.3 Long Blades
 - Level 3.0 Armour
 + Level 5.1 Shields


You had 7 spell levels left.
You didn't know any spells.
Your spell library was empty.

Dungeon Overview and Level Annotations

Branches:
Dungeon (4/15)
 Temple: D:4-7

Altars:
Ashenzari
Dithmenos
Elyvilon
Sif Muna
Trog

Shops:
D:4 [

Annotations:
D:4 nikopol's ghost, amateur DEFE


Message History

Nikopol's ghost gestures at you while chanting.
The puff of flame hits you!
* * * LOW HITPOINT WARNING * * *
Unknown command.
* * * LOW HITPOINT WARNING * * *
You feel sick.
* * * LOW HITPOINT WARNING * * *
You feel sick.
Okay, then.
You beseech Elyvilon to protect your life.
* * * LOW HITPOINT WARNING * * *
You feel sick.
Unknown command.
* * * LOW HITPOINT WARNING * * *
You feel sick.
* * * LOW HITPOINT WARNING * * *
You feel sick.
There is a transporter here.
You enter the transporter and appear at another place.
You die...

......'..........###...###....+..
......####.......#.......##.##.8.
.....## ##.#.##.#...#.#..#.##./.
....## ###.#..#...#.#).#.##...
...## #.#.##.#.....##.##... #'##
####.#.#.#...#..#..##.8. #.#
#......#...#©.=(#©...... #.######
#.###..##.....#(#...###. #.##...#
#.# #.W@#.#W..#.##..# ## .......#
#.# ##.##..##.#..#..####
.......###.# #.#...#...#.#......
...##......# #.##....#..##.###.#
..########## #..##..©...#......#
..# ##..#####.##.####.# ..#
##.....###..# #.. ..#
#####.....## #.# ..# ####### #.#


You could see nikopol's ghost.

Vanquished Creatures
  Duvessa (D:4)
  2 big kobolds (Sewer)
  Dowan (D:4)
  3 quasits (D:4)
  A centaur skeleton (D:4)
  An orc wizard (D:4)
  An iguana (D:4)
  Terence (D:2)
  6 worker ants (D:4)
  A hound skeleton (D:4)
  7 adders
  2 river rats (D:4)
  An ooze (D:1)
  5 worms
  A leopard gecko (D:1)
  4 orcs (D:4)
  A giant cockroach (D:1)
  8 goblins
  3 hobgoblins
  4 jackals
  10 kobolds
  7 ball pythons
  6 bats
  3 frilled lizards
  6 rats
86 creatures vanquished.

Notes
Turn   | Place    | Note
-------+----------+-------------------------------------------
     0 | D:1      | KyrpaJooseppi the Human Fighter began the quest for the Orb.
     0 | D:1      | Reached XP level 1. HP: 18/18 MP: 1/1
   105 | D:1      | Reached XP level 2. HP: 20/24 MP: 2/2
   236 | D:1      | Reached XP level 3. HP: 21/29 MP: 3/3
   306 | D:1      | You fall through a shaft!
   755 | D:2      | Found a shadowy altar of Dithmenos.
   842 | D:2      | Noticed Terence
   852 | D:2      | Killed Terence
   852 | D:2      | Reached skill level 3 in Long Blades
   852 | D:2      | Reached XP level 4. HP: 35/35 MP: 4/4
   962 | D:2      | Found a white marble altar of Elyvilon.
   972 | D:2      | Became a worshipper of Elyvilon the Healer
  1090 | D:2      | Found a shattered altar of Ashenzari.
  1094 | D:2      | Saw a vision of the Shoals and the Spider Nest.
  1094 | D:2      | Noticed a merfolk siren
  1094 | D:2      | Noticed a hippogriff
  1094 | D:2      | Noticed a sea snake
  1094 | D:2      | Noticed a hippogriff
  1094 | D:2      | Noticed a merfolk
  1094 | D:2      | Noticed a merfolk
  1094 | D:2      | Noticed a sea snake
  1094 | D:2      | Noticed a hippogriff
  1094 | D:2      | Noticed a redback
  1095 | D:2      | Noticed a hornet
  1095 | D:2      | Noticed a merfolk
  1097 | D:2      | Noticed a wolf spider
  1172 | D:4      | Reached XP level 5. HP: 36/42 MP: 5/5
  1392 | D:4      | Reached skill level 4 in Long Blades
  1466 | D:4      | Reached XP level 6. HP: 28/48 MP: 6/6
  1575 | D:4      | Found a transporter.
  1589 | D:4      | Found a transporter.
  1633 | D:4      | Reached * piety under Elyvilon
  1633 | D:4      | Noticed nikopol's ghost (amateur DEFE)
  1729 | D:4      | Found a glowing drain.
  1750 | Sewer    | Entered a sewer
  1931 | Sewer    | Reached skill level 5 in Long Blades
  2008 | Sewer    | Reached XP level 7. HP: 50/55 MP: 7/7
  2269 | D:4      | Noticed Duvessa
  2269 | D:4      | Noticed Dowan
  2290 | D:4      | Killed Duvessa
  2557 | D:4      | Killed Dowan
  2685 | D:4      | Reached skill level 5 in Fighting
  2695 | D:4      | Reached skill level 6 in Long Blades
  2815 | D:4      | Found a bloodstained altar of Trog.
  2817 | D:4      | Found a deep blue altar of Sif Muna.
  2837 | D:4      | Reached skill level 5 in Shields
  2893 | D:4      | Reached XP level 8. HP: 62/62 MP: 8/8
  2912 | D:4      | Found Visicuh's Armour Shoppe.
  3289 | D:4      | HP: 3/62 [poisoned by nikopol's ghost]
  3291 | D:4      | HP: 1/62 [poisoned by nikopol's ghost]
  3292 | D:4      | Succumbed to nikopol's ghost's poison

Vault maps used:
D:1:      dpeg_arrival_water_temple_mockup, minmay_misc_feat_secret_circle,
          minmay_misc_feat_encased, serial_park_tiny_1
D:2:      nicolae_dithmenos_through_a_glass_darkly, lemuel_round_altar,
          grunt_ashenzari_visionary, uniq_terence
D:4:      gammafunk_temple_overflow_statue, serial_shops, shop, first_ration,
          gammafunk_ghost_stat_death, lightli_sewer_entry_pipes,
          grunt_ministairs_2, minmay_crystal_water, uniq_duvessa
Sewer:    sewer_co_15_rooms

Skill      XL: |  1  2  3  4  5  6  7 |
---------------+----------------------+-----
Long Blades    | 3 4 5 6 |  6.3
Fighting       | 4 5 |  5.2
Shields        | 4 5 |  5.1
Armour         | |  3.0

Action                   |  1- 3 |  4- 6 |  7- 9 || total
-------------------------+-------+-------+-------++-------
Melee: Long sword        |    98 |   173 |    89 ||   360
       Dagger            |       |       |    29 ||    29
 Fire: Hand crossbow     |       |       |     8 ||     8
Invok: Lesser Healing    |       |       |     2 ||     2
       Divine Protection |       |       |     1 ||     1
  Use: Scroll            |     2 |     4 |     2 ||     8
       Potion            |       |     3 |     4 ||     7
  Eat: Chunk             |       |     1 |     4 ||     5
       Ration            |       |     1 |     1 ||     2
Armor: Scale mail        |    45 |    61 |    72 ||   178
Dodge: Dodged            |    29 |    45 |    38 ||   112
Block: Shield            |    52 |    96 |    73 ||   221
       Rpst.: Long sword |     7 |    15 |     9 ||    31

Table legend:
 A = Spawn XP
 B = Non-spawn XP
 C = Spawn XP percentage of total XP
 D = Spawn monster count
 E = Non-spawn monster count
 F = Spawn count percentage of total count
 G = Total turns spent on level
                    A         B        C        D         E        F      G
               +---------+---------+-------+---------+---------+-------+---------
         Total |       0 |    1161 |   0.0 |       0 |      86 |   0.0 |  3292
               +---------+---------+-------+---------+---------+-------+---------
           D:1 |       0 |      40 |   0.0 |       0 |      21 |   0.0 |   417
           D:2 |       0 |      88 |   0.0 |       0 |      14 |   0.0 |   428
           D:3 |       0 |       5 |   0.0 |       0 |       4 |   0.0 |   315
           D:4 |       0 |     784 |   0.0 |       0 |      30 |   0.0 |  1778
         Sewer |       0 |     244 |   0.0 |       0 |      17 |   0.0 |   354
               +---------+---------+-------+---------+---------+-------+---------
